PR
OGALLALA OCTOPI @ PHOENIX HOTSPUR ACADEMY
07/03/2033
 
TOP OF THE 1ST
Ogallala Octopi batting - Pitching for Phoenix Hotspur Academy : LHP Umebayashi Naofumi
Pitching: LHP Umebayashi Naofumi
Batting: RHB Salvador Gisbert 0-0: Ball
1-0: SINGLE (Groundball, 6MD)
Batting: RHB Enrique Torres 0-0: Called Strike
Salvador Gisbert steals 2nd base
0-1: Swinging Strike
0-2: Ball
1-2: SINGLE (Groundball, 25) (infield hit)
Salvador Gisbert to third
Batting: RHB Isagani Gorre 0-0: Called Strike
0-1: Ball
1-1: Ball
2-1: Ball
3-1: Fly out, F8 (Line Drive, 8LD)
Runner from 3rd tags up, SCORES, throw made
Batting: LHB Lauren Hilfiker 0-0: Called Strike
0-1: Ball
1-1: Foul Ball, location: 2F
1-2: Foul Ball, location: 2F
Balk!
Enrique Torres to second
1-2: Ball
2-2: Foul Ball, location: 2F
2-2: Foul Ball, location: 2F
2-2: Foul Ball, location: 2F
2-2: Foul Ball, location: 2F
2-2: Foul Ball, location: 2F
2-2: Strikes out swinging
Batting: SHB Milojica Kordic 0-0: Called Strike
0-1: Called Strike
0-2: Ball
1-2: Ball
2-2: Ball
3-2: SINGLE (Groundball, 34D)
Enrique Torres to third
Enrique Torres scores
Batting: RHB Carlos Martínez 0-0: Ground out U3 (Groundball, 3)
Top of the 1st over - 2 runs, 3 hits, 0 errors, 1 left on base; Ogallala 2 - Phoenix 0
BOTTOM OF THE 1ST
Phoenix Hotspur Academy batting - Pitching for Ogallala Octopi : LHP Miguel Ávila
Pitching: LHP Miguel Ávila
Batting: RHB Paco González 0-0: Foul Ball, location: 2F
0-1: Ball
1-1: Fly out, F8 (Flyball, 8LM)
Batting: RHB Brit Davis 0-0: Called Strike
0-1: Foul Ball, location: 2F
0-2: Ball
1-2: Foul Ball, location: 2F
1-2: Ground out 3-1 (Groundball, 34S)
Batting: RHB Jonas van Claveren 0-0: Ball
1-0: Called Strike
1-1: Foul Ball, location: 2F
1-2: Foul Ball, location: 2F
1-2: Ball
2-2: Strikes out swinging
Bottom of the 1st over - 0 runs, 0 hits, 0 errors, 0 left on base; Ogallala 2 - Phoenix 0
TOP OF THE 2ND
Ogallala Octopi batting - Pitching for Phoenix Hotspur Academy : LHP Umebayashi Naofumi
Batting: RHB Alejandro Cantú 0-0: Foul Ball, location: 2F
0-1: Ball
1-1: Ball
2-1: Foul Ball, location: 2F
2-2: Ball
3-2: Fly out, F5 (Popup, 5L)
Batting: RHB Anthon Oort 0-0: Called Strike
0-1: Ground out 4-3 (Groundball, 4MS)
Batting: RHB Maverik Buffo 0-0: Foul Ball, location: 2F
0-1: Ball
1-1: Foul Ball, location: 2F
1-2: Foul Ball, location: 2F
1-2: Ball
2-2: Foul Ball, location: 2F
2-2: Ball
3-2: Ground out 6-3 (Groundball, 6)
Top of the 2nd over - 0 runs, 0 hits, 0 errors, 0 left on base; Ogallala 2 - Phoenix 0
BOTTOM OF THE 2ND
Phoenix Hotspur Academy batting - Pitching for Ogallala Octopi : LHP Miguel Ávila
Batting: LHB Juan Hernández 0-0: Swinging Strike
0-1: Foul Ball, location: 2F
0-2: Ball
1-2: Strikes out swinging
Batting: RHB Jonathon Newman 0-0: Ball
1-0: Called Strike
1-1: Ball
2-1: Foul Ball, location: 2F
2-2: Ball
3-2: Strikes out swinging
Batting: LHB Keith York 0-0: Called Strike
0-1: Ball
1-1: Foul Ball, location: 2F
1-2: Foul Ball, location: 2F
1-2: SINGLE (Groundball, 25) (infield hit)
Batting: RHB Ronnie Wise 0-0: Ball
Pickoff Throw to First - Out!
Bottom of the 2nd over - 0 runs, 1 hit, 0 errors, 0 left on base; Ogallala 2 - Phoenix 0
TOP OF THE 3RD
Ogallala Octopi batting - Pitching for Phoenix Hotspur Academy : LHP Umebayashi Naofumi
Batting: RHB Salvador Gisbert 0-0: SINGLE (Groundball, 4MD)
Batting: RHB Enrique Torres 0-0: Called Strike
0-1: Ball
1-1: Ball
2-1: Called Strike
2-2: Strikes out swinging
Batting: RHB Isagani Gorre 0-0: Ball
1-0: Fly out, F9 (Flyball, 89D)
Batting: LHB Lauren Hilfiker 0-0: Called Strike
0-1: Foul Ball, location: 2F
0-2: SINGLE (Groundball, 4D)
Salvador Gisbert to second
Runner from 2nd tries for 3rd, SAFE, throw made to third
Pitching: LHP Raúl Vázquez
Batting: SHB Milojica Kordic 0-0: Ball
1-0: Called Strike
1-1: Foul Ball, location: 2F
1-2: Fly out, F8 (Line Drive, 8RD)
Top of the 3rd over - 0 runs, 2 hits, 0 errors, 2 left on base; Ogallala 2 - Phoenix 0
BOTTOM OF THE 3RD
Phoenix Hotspur Academy batting - Pitching for Ogallala Octopi : LHP Miguel Ávila
Batting: RHB Ronnie Wise 0-0: Ball
1-0: Ball
2-0: Called Strike
2-1: Fly out, F7 (Flyball, 7S)
Batting: LHB Carel Oskamp 0-0: Ball
1-0: Ball
2-0: Swinging Strike
2-1: Ball
3-1: Swinging Strike
3-2: Foul Ball, location: 2F
3-2: Strikes out swinging
Batting: RHB Felipe Hernández 0-0: Ball
1-0: Called Strike
1-1: Fly out, F4 (Popup, 4)
Bottom of the 3rd over - 0 runs, 0 hits, 0 errors, 0 left on base; Ogallala 2 - Phoenix 0
TOP OF THE 4TH
Ogallala Octopi batting - Pitching for Phoenix Hotspur Academy : LHP Raúl Vázquez
Batting: RHB Carlos Martínez 0-0: Ball
1-0: Fly out, F8 (Flyball, 8RM)
Batting: RHB Alejandro Cantú 0-0: Ball
1-0: Swinging Strike
1-1: Ball
2-1: Foul Ball, location: 2F
2-2: Foul Ball, location: 2F
2-2: Strikes out swinging
Batting: RHB Anthon Oort 0-0: Ball
1-0: Ball
2-0: Ball
3-0: Base on Balls
Batting: RHB Maverik Buffo 0-0: Ball
1-0: Foul Ball, location: 2F
1-1: Ball
2-1: Called Strike
2-2: Ground out 4-3 (Groundball, 4)
Top of the 4th over - 0 runs, 0 hits, 0 errors, 1 left on base; Ogallala 2 - Phoenix 0
BOTTOM OF THE 4TH
Phoenix Hotspur Academy batting - Pitching for Ogallala Octopi : LHP Miguel Ávila
Batting: RHB Paco González 0-0: Ball
1-0: Ball
2-0: Called Strike
2-1: Called Strike
2-2: SINGLE (Groundball, 56D)
Batting: RHB Brit Davis 0-0: Ball
1-0: Grounds into double play, 5-4-3 (Groundball, 56)
Batting: RHB Jonas van Claveren 0-0: Called Strike
0-1: Ball
1-1: Foul Ball, location: 2F
1-2: Foul Ball, location: 2F
1-2: SINGLE (Line Drive, 34D)
Batting: LHB Juan Hernández 0-0: Ball
1-0: Called Strike
1-1: Ground out 4-3 (Groundball, 4)
Bottom of the 4th over - 0 runs, 2 hits, 0 errors, 1 left on base; Ogallala 2 - Phoenix 0
TOP OF THE 5TH
Ogallala Octopi batting - Pitching for Phoenix Hotspur Academy : LHP Raúl Vázquez
Batting: RHB Salvador Gisbert 0-0: Fly out, F5 (Popup, 56S)
Batting: RHB Enrique Torres 0-0: Ball
1-0: Ball
2-0: Called Strike
2-1: Ball
3-1: Foul Ball, location: 2F
3-2: Strikes out swinging
Batting: RHB Isagani Gorre 0-0: SINGLE (Groundball, 6MD)
Batting: LHB Lauren Hilfiker 0-0: Ball
Isagani Gorre is caught stealing 2nd base
Top of the 5th over - 0 runs, 1 hit, 0 errors, 0 left on base; Ogallala 2 - Phoenix 0
BOTTOM OF THE 5TH
Phoenix Hotspur Academy batting - Pitching for Ogallala Octopi : LHP Miguel Ávila
Batting: RHB Jonathon Newman 0-0: Called Strike
0-1: Ground out 6-3 (Groundball, 6D)
Batting: LHB Keith York 0-0: Swinging Strike
0-1: Foul Ball, location: 2F
0-2: Ball
1-2: Ball
2-2: Strikes out swinging
Batting: RHB Ronnie Wise 0-0: Called Strike
0-1: Foul Ball, location: 2F
0-2: Ball
1-2: Ball
2-2: Ball
3-2: DOUBLE (Line Drive, 7LD)
Batting: LHB Carel Oskamp 0-0: Called Strike
0-1: Called Strike
0-2: Ball
1-2: Strikes out swinging
Bottom of the 5th over - 0 runs, 1 hit, 0 errors, 1 left on base; Ogallala 2 - Phoenix 0
TOP OF THE 6TH
Ogallala Octopi batting - Pitching for Phoenix Hotspur Academy : LHP Raúl Vázquez
Batting: LHB Lauren Hilfiker 0-0: DOUBLE (Line Drive, 89D) - OUT at third base trying to stretch hit.
Batting: SHB Milojica Kordic 0-0: Ground out 4-3 (Groundball, 4MD)
Batting: RHB Carlos Martínez 0-0: Swinging Strike
0-1: Ball
1-1: Foul Ball, location: 2F
1-2: Strikes out looking
Top of the 6th over - 0 runs, 1 hit, 0 errors, 0 left on base; Ogallala 2 - Phoenix 0
BOTTOM OF THE 6TH
Phoenix Hotspur Academy batting - Pitching for Ogallala Octopi : LHP Miguel Ávila
Batting: RHB Felipe Hernández 0-0: Called Strike
0-1: Swinging Strike
0-2: Strikes out swinging
Batting: RHB Paco González 0-0: Called Strike
0-1: Foul Ball, location: 2F
0-2: Ball
1-2: Ball
2-2: Ground out 3-1 (Groundball, 34)
Batting: RHB Brit Davis 0-0: Ground out 1-3 (Groundball, 13)
Bottom of the 6th over - 0 runs, 0 hits, 0 errors, 0 left on base; Ogallala 2 - Phoenix 0
TOP OF THE 7TH
Ogallala Octopi batting - Pitching for Phoenix Hotspur Academy : LHP Raúl Vázquez
Batting: RHB Alejandro Cantú 0-0: Swinging Strike
0-1: Swinging Strike
0-2: Strikes out looking
Batting: RHB Anthon Oort 0-0: Ball
1-0: Called Strike
1-1: Ball
2-1: Called Strike
2-2: Foul Ball, location: 2F
2-2: Strikes out looking
Batting: RHB Maverik Buffo 0-0: Swinging Strike
0-1: Called Strike
0-2: Strikes out swinging, 2-3 out at first.
Top of the 7th over - 0 runs, 0 hits, 0 errors, 0 left on base; Ogallala 2 - Phoenix 0
BOTTOM OF THE 7TH
Phoenix Hotspur Academy batting - Pitching for Ogallala Octopi : LHP Miguel Ávila
Batting: RHB Jonas van Claveren 0-0: Ball
1-0: Fly out, F8 (Flyball, 8RS)
Batting: LHB Juan Hernández 0-0: Ball
1-0: Called Strike
1-1: Ground out 5-3 (Groundball, 56)
Batting: RHB Jonathon Newman 0-0: Ground out 5-3 (Groundball, 56)
Bottom of the 7th over - 0 runs, 0 hits, 0 errors, 0 left on base; Ogallala 2 - Phoenix 0
TOP OF THE 8TH
Ogallala Octopi batting - Pitching for Phoenix Hotspur Academy : LHP Raúl Vázquez
Batting: RHB Salvador Gisbert 0-0: Foul Ball, location: 2F
0-1: Ground out 4-3 (Groundball, 4)
Batting: RHB Enrique Torres 0-0: Called Strike
0-1: Fly out, F8 (Flyball, 8RS)
Batting: RHB Isagani Gorre 0-0: Called Strike
0-1: SINGLE (Flyball, 89S)
Batting: LHB Lauren Hilfiker 0-0: Fielders Choice at 2nd, 6-4 (Groundball, 6)
Top of the 8th over - 0 runs, 1 hit, 0 errors, 1 left on base; Ogallala 2 - Phoenix 0
BOTTOM OF THE 8TH
Phoenix Hotspur Academy batting - Pitching for Ogallala Octopi : LHP Miguel Ávila
Batting: LHB Keith York 0-0: Called Strike
0-1: Fly out, F9 (Flyball, 9)
Batting: RHB Ronnie Wise 0-0: Swinging Strike
0-1: Ground out 6-3 (Groundball, 56)
Batting: LHB Carel Oskamp 0-0: Called Strike
0-1: Foul Ball, location: 2F
0-2: Ball
1-2: Foul Ball, location: 2F
1-2: Ball
2-2: Ball
3-2: Fly out, F7 (Line Drive, 7)
Bottom of the 8th over - 0 runs, 0 hits, 0 errors, 0 left on base; Ogallala 2 - Phoenix 0
TOP OF THE 9TH
Ogallala Octopi batting - Pitching for Phoenix Hotspur Academy : LHP Raúl Vázquez
Batting: SHB Milojica Kordic 0-0: Ball
1-0: Ground out 6-3 (Groundball, 6)
Batting: RHB Carlos Martínez 0-0: Swinging Strike
0-1: Foul Ball, location: 2F
0-2: Strikes out swinging
Batting: RHB Alejandro Cantú 0-0: Ball
1-0: Called Strike
1-1: Called Strike
1-2: SINGLE (Groundball, 56D)
Batting: RHB Anthon Oort 0-0: Ball
1-0: Ball
2-0: Ball
3-0: Swinging Strike
3-1: Base on Balls
Alejandro Cantú to second
Batting: RHB Maverik Buffo 0-0: Called Strike
0-1: Fly out, F8 (Flyball, 8RD)
Top of the 9th over - 0 runs, 1 hit, 0 errors, 2 left on base; Ogallala 2 - Phoenix 0
BOTTOM OF THE 9TH
Phoenix Hotspur Academy batting - Pitching for Ogallala Octopi : LHP Miguel Ávila
Pitching: RHP Terry Edmonds
Batting: RHB Felipe Hernández 0-0: Foul Ball, location: 2F
0-1: Ball
1-1: Ball
2-1: Fly out, F9 (Flyball, 89D)
Batting: RHB Paco González 0-0: Called Strike
0-1: Ground out 1-3 (Groundball, 15S)
Batting: RHB Brit Davis 0-0: Ball
1-0: Foul Ball, location: 2F
1-1: Foul Ball, location: 2F
1-2: Fly out, F3 (Popup, 3S)
Bottom of the 9th over - 0 runs, 0 hits, 0 errors, 0 left on base; Ogallala 2 - Phoenix 0
Saturday, December 22nd, 2018 - OOTP Baseball 18.8 Build 76